 Dungeon Crawl Stone Soup version 0.32-a0-30-gefbe487952 (webtiles) character file.

Game seed: 7534906423928136

21 Vallaxes the Gusty (level 2, -3/20 HPs)
             Began as a Draconian Air Elementalist on Jan 20, 2024.
             Slain by a kobold
             ... wielding a +2 short sword of electrocution
              (11 damage)
             ... on level 2 of the Dungeon.
             The game lasted 00:03:45 (1560 turns).

Vallaxes the Gusty (Draconian Air Elementalist)     Turns: 1560, Time: 00:03:45

Health: -3/20      AC:  4    Str: 10    XL:     2   Next: 62%
Magic:  0/5        EV: 12    Int: 15    God:
Gold:   40         SH:  5    Dex: 11    Spells: 4/5 levels left

rFire   . . .        c - +0 dagger
rCold   . . .        (no shield)
rNeg    . . .        (body armour unavailable)
rPois   .            (helmet restricted)
rElec   .            (no cloak)
rCorr   .            (no gloves)
SInv    .            (no boots)
Will    .....        h - amulet of reflection
Stlth   ++           f - ring of wizardry
HPRegen 0.23/turn    (no ring)
MPRegen 0.09/turn

%: reflection, wizardry (x1)
@: no status effects
A: AC +4, unfitting armour, cold-blooded
a: no special abilities


You were on level 2 of the Dungeon.
You visited 1 branch of the dungeon, and saw 2 of its levels.

You collected 40 gold pieces.

Inventory:

Hand Weapons
 c - a +0 dagger (weapon)
Jewellery
 f - a ring of wizardry (left hand)
 h - an amulet of reflection (around neck)
Talismans
 e - a serpent talisman
Scrolls
 b - 2 scrolls of identify {unknown}
Potions
 a - a potion of magic
 d - a potion of haste {unknown}
 g - a potion of heal wounds {unknown}


   Skills:
 + Level 2.0 Dodging
 + Level 1.9 Stealth
 + Level 2.2 Spellcasting
 + Level 1.0 Conjurations
 + Level 3.5 Air Magic


You had 4 spell levels left.
You knew the following spells:

 Your Spells              Type           Power      Damage    Failure   Level
a - Shock                 Conj/Air       32%        1d5       3%          1

Your spell library contained the following spells:

 Spells                   Type           Power      Damage    Failure   Level
 Static Discharge         Conj/Air       16%        3-4/arc   5%          2
 Swiftness                Air            12%        N/A       6%          3
 Airstrike                Air            6%         2d(1-17)  21%         4


Dungeon Overview and Level Annotations

Branches:
Dungeon (2/15)

Altars:


Innate Abilities, Weirdness & Mutations

Your plain brown scales are hard. (AC +4)
You cannot fit into any form of body armour.
You are cold-blooded and may be slowed by cold attacks.


Message History

The ball python constricts you.
Aiming: Shock (safe; 3% risk of failure)
Press: ? - help, Q - select action Shift-Dir - straight line, f/p - kobold
Aim: a kobold, wielding a +0 dagger (moderately wounded, 60% to hit)
The zap misses the kobold.
The ball python bites you but does no damage.
The ball python constricts you. The kobold barely misses you.
The kobold throws a stone.
The stone hits you.
Aiming: Shock (safe; 3% risk of failure)
Press: ? - help, Q - select action Shift-Dir - straight line, f - ball python, p - kobold
Aim: a ball python (constricting you, 64% to hit)
The zap hits the ball python.
The ball python is heavily wounded.
The ball python bites you. The ball python constricts you.
The kobold hits you but does no damage.
Aiming: Shock (safe; 3% risk of failure)
Press: ? - help, Q - select action Shift-Dir - straight line, f/p - ball python
Aim: a ball python (heavily wounded, constricting you, 64% to hit)
The zap hits the ball python.
The ball python is severely wounded.
You block the ball python's attack. The ball python constricts you.
The kobold hits you but does no damage.
The kobold hits you with a +2 short sword of electrocution.
The ball python barely misses you. The ball python constricts you.
Aiming: Shock (safe; 3% risk of failure)
Press: ? - help, Q - select action Shift-Dir - straight line, f/p - ball python
Aim: a ball python (severely wounded, constricting you, 64% to hit)
The zap hits the ball python.
You kill the ball python!
The kobold completely misses you.
The kobold hits you with a +2 short sword of electrocution.
You barely miss the kobold.
The kobold is moderately wounded.
The kobold barely misses you. You block the kobold's attack.
You closely miss the kobold.
The kobold is moderately wounded.
The kobold hits you with a +0 dagger. The kobold hits you but does no damage.
You are electrocuted!
Ouch! That really hurt!
You die...

....... .. .
..#..##..#
#.###.....#..##
...............
...............
##............
##....K.†......
#......@....#
..#.....K...#
............#
............)..
.##.........###
#..........#
.............
...#.......##.


You could see 2 kobolds.

Vanquished Creatures
  2 bats (D:1)
  3 giant cockroaches (D:1)
  3 goblins (D:1)
  3 hobgoblins (D:1)
  3 ball pythons
  A frilled lizard (D:1)
  3 kobolds (D:1)
18 creatures vanquished.

Notes
Turn   | Place    | Note
-------+----------+-------------------------------------------
     0 | D:1      | Vallaxes the Draconian Air Elementalist began the quest for
                  | the Orb.
     0 | D:1      | Reached XP level 1. HP: 14/14 MP: 3/3
   631 | D:1      | Reached XP level 2. HP: 20/20 MP: 1/5
  1560 | D:2      | Slain by a kobold

Illustrated notes

Levels and vault maps discovered:
D:1:      scummos_arrival_star, layout_rooms
D:2:      layout_rooms, basic_altar

Skill      XL: |  1 |
---------------+----+-----
Dodging        | 2 |  2.0
Stealth        | |  1.9
Spellcasting   | |  2.2
Conjurations   | |  1.0
Air Magic      | |  3.5

Action                     || total
---------------------------++-------
  Melee: Unarmed           ||     6
         Dagger            ||     5
   Cast: Shock             ||    36
 Armour: Skin              ||    26
  Dodge: Dodged            ||    26
  Block: Other             ||     5
         Reflection        ||     1

Table legend: (Time is in decaauts)
 A = Elapsed time spent in this place.
 B = Non-inter-level travel time spent in this place.
 C = Inter-level travel time spent in this place.
 D = Time resting spent in this place.
 E = Time spent auto-exploring this place.
 F = Levels seen in this place.
 G = Mean time per level.
                   A        B        C        D        E       F      G
               +--------+--------+--------+--------+--------+-----+--------+
         Total |   1558 |   1555 |      3 |   1122 |      0 |   2 |  779.0 |
       Dungeon |   1558 |   1555 |      3 |   1122 |      0 |   2 |  779.0 |
               +--------+--------+--------+--------+--------+-----+--------+

Top non-repeatable levels by time:
     D:1: 1544 daAuts
     D:2: 14 daAuts
